Coyotes vs Stars
Created - 20 mars 2015 at 19:07
Goals
|
| Coyotes |
2 |
0 |
2 |
4 |
| Stars |
3 |
2 |
1 |
6 |
|
Shots
|
| Coyotes |
9 |
3 |
14 |
26 |
| Stars |
13 |
6 |
10 |
29 |
|
1st period
1. Stars , Shane Doan 20 (Henrik Sedin, Daniel Sedin) at 0:08
2. Coyotes , Chris Stewart 15 (Andy Sutton) at 1:56
3. Coyotes , Chad Larose 13 (Saku Koivu, Erik Cole) at 2:04
4. Stars , Jan Hlavac 6 (Evgeny Artyukhin, Marty Reasoner) at 11:04
5. Stars , John Tavares 28 (Alexei Morozov) at 14:22 (PP)
Penalties :
Erik Cole (Ari) for Interference (Minor) at 8:15, Denis Grebeshkov (Ari) for High sticking (Double Minor) at 14:03, Erik Cole (Ari) for Holding (Minor) at 18:15
2nd period
6. Stars , Shane Doan 21 (Henrik Sedin, Daniel Sedin) at 1:24
7. Stars , Daniel Cleary 10 (Bryan Berard, Daniel Sedin) at 17:22
Penalties :
Chris Stewart (Ari) for Holding (Minor) at 1:27, Andy Sutton (Ari) for High sticking (Minor) at 8:50, Erik Christensen (Ari) for Holding (Minor) at 13:56, Brendan Bell (Dal) for Hooking (Minor) at 18:26
3rd period
8. Coyotes , Sami Kapanen 14 (Erik Christensen) at 10:44
9. Coyotes , Marian Gaborik 47 (Tomas Kloucek) at 12:48
10. Stars , John Tavares 29 (Alexei Morozov) at 13:27
Penalties :
Marian Gaborik (Ari) for Slashing (Minor) at 3:30, Sergei Gonchar (Ari) for Holding (Minor) at 8:18, Bryan Berard (Dal) for Interference (Minor) at 15:41, Éric Belanger (Dal) for Hooking (Minor) at 16:42
Goalie Stats
Marc Denis (Ari), 10 saves from 14 shots - (0,714), 21:24 minutes
Ryan Miller (Ari), 13 saves from 15 shots - (0,867), L, 36-16-8, 38:36 minutes
Patrick Lalime (Dal), 22 saves from 26 shots - (0,846), W, 7-7-3, 60:00 minutes
Players Stats for Coyotes
Player Name G A P +/- PIM S H SB GA TA FO MP PP MP PK MP
------------------------------------------------------------------------------------
Adrian Aucoin 0 0 0 -3 0 1 0 1 0 1 0/0 20:48 0:00 8:07
Andy Sutton 0 1 1 1 2 1 0 1 0 0 0/0 19:00 0:00 7:35
Anton Stralman 0 0 0 1 0 1 0 1 1 1 0/0 23:30 2:18 7:52
Chad Larose 1 0 1 -1 0 2 3 0 0 0 1/1 18:52 0:00 8:02
Chris Stewart 1 0 1 0 2 2 0 0 0 0 0/0 12:08 2:01 0:00
Denis Grebeshkov 0 0 0 -3 4 1 3 3 0 0 0/0 22:41 2:41 6:35
Drew Miller 0 0 0 0 0 1 0 0 0 0 5/13 19:31 0:00 8:52
Erik Christensen 0 1 1 1 2 2 0 0 0 0 0/1 11:27 2:18 1:48
Erik Cole 0 1 1 -1 4 0 2 1 0 1 0/0 13:29 0:00 4:56
Frans Nielsen 0 0 0 0 0 1 4 0 0 0 6/10 18:34 2:01 6:36
Marian Gaborik 1 0 1 -1 2 2 1 0 0 1 0/1 15:59 2:58 0:00
Saku Koivu 0 1 1 -1 0 2 0 0 1 0 7/12 10:36 2:01 0:00
Sami Kapanen 1 0 1 1 0 1 1 2 0 0 0/0 5:38 0:00 0:00
Sergei Gonchar 0 0 0 1 2 2 2 0 0 2 0/0 18:20 2:41 1:47
Shawn Thornton 0 0 0 1 0 0 0 0 0 0 0/0 9:00 0:00 2:12
Tim Connolly 0 0 0 -1 0 5 2 0 2 0 2/12 15:42 2:58 0:00
Tomas Kloucek 0 1 1 1 0 1 1 0 0 0 0/0 12:44 0:00 0:22
Tyler Ennis 0 0 0 -1 0 1 2 0 0 0 1/3 15:42 2:58 0:00
Players Stats for Stars
Player Name G A P +/- PIM S H SB GA TA FO MP PP MP PK MP
------------------------------------------------------------------------------------
Alexei Morozov 0 2 2 1 0 4 1 0 1 0 1/1 17:30 8:09 0:00
Brendan Bell 0 0 0 2 2 0 0 2 0 0 0/0 14:49 1:01 1:37
Bryan Berard 0 1 1 1 2 0 2 0 1 0 0/0 19:23 7:17 2:04
Daniel Cleary 1 0 1 -2 0 1 1 2 0 0 0/0 11:07 0:03 1:05
Daniel Sedin 0 3 3 1 0 3 2 0 0 0 0/0 21:13 7:59 0:14
Éric Belanger 0 0 0 -2 2 2 2 0 0 1 4/5 10:58 0:06 0:40
Evgeny Artyukhin 0 1 1 1 0 0 2 0 1 0 0/0 6:06 0:00 0:00
Filip Novak 0 0 0 0 0 0 0 1 0 0 0/0 12:26 0:00 1:40
Henrik Sedin 0 2 2 1 0 3 1 0 0 0 15/27 20:21 7:59 0:00
Jan Hlavac 1 0 1 1 0 1 1 0 0 0 0/0 10:04 0:03 2:53
John Tavares 2 0 2 1 0 3 0 0 0 0 6/12 17:48 8:06 0:41
Mark Streit 0 0 0 0 0 3 1 2 0 0 0/0 21:32 8:54 0:00
Marty Reasoner 0 1 1 1 0 0 0 0 0 0 4/6 9:49 0:00 3:04
Matthew Spiller 0 0 0 0 0 1 0 0 0 1 0/0 25:33 6:41 3:19
Patrick Sharp 0 0 0 1 0 3 1 0 2 0 1/1 17:32 8:09 0:00
Pavel Kubina 0 0 0 -1 0 2 0 1 0 1 0/0 27:16 8:29 1:40
Ryan Malone 0 0 0 -2 0 0 1 0 0 1 0/0 9:45 0:00 0:00
Shane Doan 2 0 2 1 0 3 0 0 1 0 0/1 20:48 7:59 0:00
3 Stars
1 - Shane Doan (Dal)
2 - John Tavares (Dal)
3 - Daniel Sedin (Dal)
Power Play
Coyotes - 0 on 3 Attempt(s) - 0,00%
Stars - 1 on 9 Attempt(s) - 11,11%
Penalty Kill
Coyotes - 8 on 9 Attempt(s) - 88,89%
- Score 0 goal in Penalty Kill
Stars - 3 on 3 Attempt(s) - 100,00%
- Score 0 goal in Penalty Kill
Team Stat
Coyotes - Hits : 21 - Faceoff Wins : 22 - Blocked Shots : 9 - Penalty Minutes : 18
Stars - Hits : 15 - Faceoff Wins : 31 - Blocked Shots : 8 - Penalty Minutes : 6
Official
Referees : Leggo Mike and O'Rourke Dan
Linesman : Jay Sharrers and Mark Pare
Game Notes
Ryan Miller enters game at 1:24 of 2nd period
Finance
Level 1 -- Attendance: 5797 (96,62%) -- Ticket Income 486 948 $
Level 2 -- Attendance: 4360 (87,20%) -- Ticket Income 226 720 $
Level 3 -- Attendance: 1737 (86,85%) -- Ticket Income 52 110 $
Level 4 -- Attendance: 3725 (93,13%) -- Ticket Income 70 775 $
Luxury Box -- Attendance: 849 (84,90%) -- Ticket Income 143 481 $
Game was played at the American Airlines Center'
Total Attendance: 16468 (91,49%)
Total Ticket Income: 980 034 $
Other Income: 147 005 $
Total Income: 1 127 039 $
Coyotes
5 vs 5 Forward
Center Left Wing Right Wing Time % Phy DF OF
1 Tim Connolly Tyler Ennis Marian Gaborik 35 1 2 2
2 Frans Nielsen Drew Miller Chris Stewart 28 1 3 1
3 Saku Koivu Erik Cole Chad Larose 25 2 2 1
4 Erik Christensen Shawn Thornton Sami Kapanen 12 2 2 1
5 vs 5 Defense
Defense Defense Time % Phy DF OF
1 Denis Grebeshkov Adrian Aucoin 37 1 3 1
2 Sergei Gonchar Anton Stralman 34 1 3 1
3 Tomas Kloucek Andy Sutton 28 1 3 1
4 Sergei Gonchar Denis Grebeshkov 1 1 1 3
PowerPlay Forward
Center Left Wing Right Wing Time % Phy DF OF
1 Tim Connolly Tyler Ennis Marian Gaborik 57 0 0 5
2 Saku Koivu Frans Nielsen Chris Stewart 43 0 0 5
PowerPlay Defense
Defense Defense Time % Phy DF OF
1 Denis Grebeshkov Sergei Gonchar 57 0 0 5
2 Anton Stralman Erik Christensen 43 0 0 5
Penalty Kill 4 Players Forward
Center Wing Time % Phy DF OF
1 Drew Miller Chad Larose 54 0 5 0
2 Frans Nielsen Erik Cole 46 0 5 0
Penalty Kill 4 Players Defense
Defense Defense Time % Phy DF OF
1 Adrian Aucoin Andy Sutton 54 1 4 0
2 Anton Stralman Denis Grebeshkov 46 1 4 0
Penalty Kill - 3 Players Forward
Forward Time % Phy DF OF
1 Drew Miller 52 0 5 0
2 Chad Larose 48 0 5 0
Penalty Kill - 3 Players Defense
Defense Defense Time % Phy DF OF
1 Andy Sutton Adrian Aucoin 52 0 5 0
2 Anton Stralman Denis Grebeshkov 48 0 5 0
4 vs 4 Forward
Center Wing Time % Phy DF OF
1 Tim Connolly Marian Gaborik 52 1 2 2
2 Frans Nielsen Drew Miller 48 1 3 1
4 vs 4 Defense
Defense Defense Time % Phy DF OF
1 Adrian Aucoin Anton Stralman 52 1 3 1
2 Denis Grebeshkov Sergei Gonchar 48 1 3 1
Last Minutes Offensive
Center Left Wing Right Wing Defense Defense
Tim Connolly Tyler Ennis Marian Gaborik Denis Grebeshkov Anton Stralman
Last Minutes Defensive
Center Left Wing Right Wing Defense Defense
Drew Miller Erik Cole Chad Larose Denis Grebeshkov Anton Stralman
Goaltenders
Starting : Marc Denis
Backup : Ryan Miller
Extra Forwards
Normal : Marian Gaborik, Tyler Ennis, Chris Stewart - PP : Marian Gaborik, Chris Stewart - PK : Drew Miller
Extra Defensemen
Normal : Denis Grebeshkov, Adrian Aucoin, Anton Stralman - PP : Denis Grebeshkov - PK : Andy Sutton, Adrian Aucoin
Penalty Shots
Marian Gaborik, Tyler Ennis, Chad Larose, Drew Miller, Tim Connolly
Stars
5 vs 5 Forward
Center Left Wing Right Wing Time % Phy DF OF
1 Henrik Sedin Daniel Sedin Shane Doan 40 1 2 2
2 John Tavares Patrick Sharp Alexei Morozov 30 1 2 2
3 Éric Belanger Ryan Malone Daniel Cleary 20 1 2 2
4 Marty Reasoner Jan Hlavac Evgeny Artyukhin 10 1 2 2
5 vs 5 Defense
Defense Defense Time % Phy DF OF
1 Pavel Kubina Matthew Spiller 40 1 2 2
2 Brendan Bell Mark Streit 30 1 2 2
3 Filip Novak Bryan Berard 20 1 2 2
4 Pavel Kubina Matthew Spiller 10 1 2 2
PowerPlay Forward
Center Left Wing Right Wing Time % Phy DF OF
1 John Tavares Patrick Sharp Alexei Morozov 50 1 2 2
2 Henrik Sedin Daniel Sedin Shane Doan 50 1 2 2
PowerPlay Defense
Defense Defense Time % Phy DF OF
1 Pavel Kubina Mark Streit 60 1 2 2
2 Matthew Spiller Bryan Berard 40 1 2 2
Penalty Kill 4 Players Forward
Center Wing Time % Phy DF OF
1 Marty Reasoner Jan Hlavac 60 1 2 2
2 Éric Belanger Daniel Cleary 40 1 2 2
Penalty Kill 4 Players Defense
Defense Defense Time % Phy DF OF
1 Brendan Bell Matthew Spiller 60 1 2 2
2 Pavel Kubina Filip Novak 40 1 2 2
Penalty Kill - 3 Players Forward
Forward Time % Phy DF OF
1 Marty Reasoner 60 1 2 2
2 Éric Belanger 40 1 2 2
Penalty Kill - 3 Players Defense
Defense Defense Time % Phy DF OF
1 Brendan Bell Matthew Spiller 60 1 2 2
2 Pavel Kubina Filip Novak 40 1 2 2
4 vs 4 Forward
Center Wing Time % Phy DF OF
1 Henrik Sedin Daniel Sedin 60 1 2 2
2 John Tavares Shane Doan 40 1 2 2
4 vs 4 Defense
Defense Defense Time % Phy DF OF
1 Pavel Kubina Mark Streit 60 1 2 2
2 Matthew Spiller Filip Novak 40 1 2 2
Last Minutes Offensive
Center Left Wing Right Wing Defense Defense
Henrik Sedin Daniel Sedin Shane Doan Pavel Kubina Mark Streit
Last Minutes Defensive
Center Left Wing Right Wing Defense Defense
Marty Reasoner Jan Hlavac Daniel Cleary Brendan Bell Matthew Spiller
Goaltenders
Starting : Patrick Lalime
Backup : Pascal Leclaire
Extra Forwards
Normal : Daniel Sedin, Patrick Sharp, Shane Doan - PP : John Tavares, Daniel Sedin - PK : Jan Hlavac
Extra Defensemen
Normal : Brendan Bell, Filip Novak, Mark Streit - PP : Pavel Kubina - PK : Matthew Spiller, Brendan Bell
Penalty Shots
Patrick Sharp, Daniel Sedin, John Tavares, Henrik Sedin, Alexei Morozov
% Time on Ice - Coyotes
Lines # - Real PCT - Wanted PCT - Time Play
Normal Forward
1 - 37% - 35% - 14:30
2 - 27% - 28% - 10:19
3 - 22% - 25% - 8:23
4 - 15% - 12% - 5:38
Normal Defense
1 - 37% - 37% - 14:25
2 - 36% - 34% - 13:48
3 - 27% - 28% - 10:30
4 - 0% - 1% - 0:07
PP Forward
1 - 60% - 57% - 2:58
2 - 40% - 43% - 2:01
PP Defense
1 - 54% - 57% - 2:41
2 - 46% - 43% - 2:18
PK Forward
1 - 58% - 54% - 9:26
2 - 42% - 46% - 6:45
PK Defense
1 - 55% - 54% - 8:50
2 - 45% - 46% - 7:21
PK3 Forward
1 - 0% - 52%
2 - 0% - 48%
PK3 Defense
1 - 0% - 52%
2 - 0% - 48%
44 Forward
1 - 0% - 52%
2 - 0% - 48%
44 Defense
1 - 0% - 52%
2 - 0% - 48%
Last Minute Offensive - 0:00
Last Minute Defensive - 0:00
Total
Forward - 60:00
Defense - 60:00
|
% Time on Ice - Stars
Lines # - Real PCT - Wanted PCT - Time Play
Normal Forward
1 - 36% - 40% - 13:52
2 - 23% - 30% - 9:07
3 - 25% - 20% - 9:45
4 - 16% - 10% - 6:06
Normal Defense
1 - 45% - 40% - 17:35
2 - 29% - 30% - 11:24
3 - 23% - 20% - 8:58
4 - 2% - 10% - 0:53
PP Forward
1 - 50% - 50% - 8:09
2 - 50% - 50% - 8:02
PP Defense
1 - 55% - 60% - 8:54
2 - 45% - 40% - 7:17
PK Forward
1 - 73% - 60% - 2:56
2 - 27% - 40% - 1:05
PK Defense
1 - 68% - 60% - 2:45
2 - 32% - 40% - 1:16
PK3 Forward
1 - 64% - 60% - 0:37
2 - 36% - 40% - 0:21
PK3 Defense
1 - 59% - 60% - 0:34
2 - 41% - 40% - 0:24
44 Forward
1 - 0% - 60%
2 - 0% - 40%
44 Defense
1 - 0% - 60%
2 - 0% - 40%
Last Minute Offensive - 0:00
Last Minute Defensive - 0:00
Total
Forward - 60:00
Defense - 60:00
|
Play by Play
1st period
0:01 of 1st period - Henrik Sedin wins face-off versus Tim Connolly in neutral zone.
0:06 of 1st period - Slapshot by Henrik Sedin.
0:06 of 1st period - Shot Misses the Net.
0:08 of 1st period - Slapshot by Shane Doan.
0:08 of 1st period - Goal by Shane Doan - Coyotes : 0 - Stars : 1.
0:09 of 1st period - John Tavares wins face-off versus Drew Miller in neutral zone.
0:20 of 1st period - Snap shot by Patrick Sharp.
0:20 of 1st period - Stopped by Marc Denis with a rebound.
0:52 of 1st period - Shane Doan is hit by Tomas Kloucek and loses puck.
1:54 of 1st period - Wrist shot by Chris Stewart.
1:54 of 1st period - Shot Blocked by Filip Novak.
1:56 of 1st period - Snap shot by Chris Stewart.
1:56 of 1st period - Goal by Chris Stewart - Coyotes : 1 - Stars : 1.
1:57 of 1st period - Chad Larose wins face-off versus Henrik Sedin in neutral zone.
2:02 of 1st period - Wrist shot by Saku Koivu.
2:02 of 1st period - Stopped by Patrick Lalime with a rebound.
2:04 of 1st period - Wrist shot by Chad Larose.
2:04 of 1st period - Goal by Chad Larose - Coyotes : 2 - Stars : 1.
2:05 of 1st period - Frans Nielsen wins face-off versus Henrik Sedin in neutral zone.
2:12 of 1st period - Wrist shot by Chris Stewart.
2:12 of 1st period - Shot Blocked by Pavel Kubina.
2:41 of 1st period - Patrick Sharp is hit by Chad Larose and loses puck.
3:02 of 1st period - Snap shot by Tim Connolly.
3:02 of 1st period - Shot Blocked by Mark Streit.
3:24 of 1st period - Snap shot by Marty Reasoner.
3:24 of 1st period - Shot Blocked by Sami Kapanen.
3:26 of 1st period - Slapshot by Brendan Bell.
3:26 of 1st period - Shot Blocked by Denis Grebeshkov.
4:36 of 1st period - Anton Stralman is hit by Evgeny Artyukhin and loses puck.
5:16 of 1st period - Matthew Spiller is hit by Chad Larose.
5:20 of 1st period - Tomas Kloucek is hit by Bryan Berard and loses puck.
5:48 of 1st period - Anton Stralman is hit by Evgeny Artyukhin and loses puck.
5:59 of 1st period - Shawn Thornton is hit by Ryan Malone and loses puck.
6:20 of 1st period - Wrist shot by Drew Miller.
6:20 of 1st period - Shot Blocked by Brendan Bell.
6:22 of 1st period - Slapshot by Sergei Gonchar.
6:22 of 1st period - Shot Blocked by Mark Streit.
6:24 of 1st period - Slapshot by Anton Stralman.
6:24 of 1st period - Stopped by Patrick Lalime with a rebound.
6:26 of 1st period - Snap shot by Frans Nielsen.
6:26 of 1st period - Stopped by Patrick Lalime with a rebound.
6:28 of 1st period - Snap shot by Frans Nielsen.
6:28 of 1st period - Shot Misses the Net.
6:30 of 1st period - Slapshot by Sergei Gonchar.
6:30 of 1st period - Stopped by Patrick Lalime without a rebound.
6:31 of 1st period - Henrik Sedin wins face-off versus Tim Connolly in Stars zone.
6:46 of 1st period - Wrist shot by Marian Gaborik.
6:46 of 1st period - Shot Misses the Net.
6:58 of 1st period - John Tavares is hit by Erik Cole and loses puck.
7:19 of 1st period - Frans Nielsen is hit by Daniel Cleary and loses puck.
7:24 of 1st period - Snap shot by Éric Belanger.
7:24 of 1st period - Stopped by Marc Denis with a rebound.
7:26 of 1st period - Slapshot by Mark Streit.
7:26 of 1st period - Shot Blocked by Andy Sutton.
7:42 of 1st period - Slapshot by Erik Christensen.
7:42 of 1st period - Stopped by Patrick Lalime with a rebound.
8:06 of 1st period - Wrist shot by Daniel Sedin.
8:06 of 1st period - Stopped by Marc Denis without a rebound.
8:07 of 1st period - Henrik Sedin wins face-off versus Saku Koivu in Coyotes zone.
8:15 of 1st period - Minor Penalty to Erik Cole for Interference.
8:16 of 1st period - Drew Miller wins face-off versus John Tavares in Coyotes zone.
8:42 of 1st period - Daniel Sedin is hit by Denis Grebeshkov and loses puck.
10:15 of 1st period - Penalty to Erik Cole is over, Erik Cole is back on ice.
10:33 of 1st period - Mark Streit is hit by Tyler Ennis and loses puck.
10:48 of 1st period - Ryan Malone is hit by Sergei Gonchar and loses puck.
10:55 of 1st period - Anton Stralman is hit by Éric Belanger and loses puck.
11:00 of 1st period - Wrist shot by Éric Belanger.
11:00 of 1st period - Stopped by Marc Denis without a rebound.
11:01 of 1st period - Marty Reasoner wins face-off versus Tim Connolly in Coyotes zone.
11:02 of 1st period - Slapshot by Evgeny Artyukhin.
11:02 of 1st period - Shot Misses the Net.
11:04 of 1st period - Snap shot by Jan Hlavac.
11:04 of 1st period - Goal by Jan Hlavac - Coyotes : 2 - Stars : 2.
11:05 of 1st period - Henrik Sedin wins face-off versus Tim Connolly in neutral zone.
11:12 of 1st period - Slapshot by Henrik Sedin.
11:12 of 1st period - Stopped by Marc Denis without a rebound.
11:13 of 1st period - Henrik Sedin wins face-off versus Tim Connolly in Coyotes zone.
11:24 of 1st period - Snap shot by Shane Doan.
11:24 of 1st period - Stopped by Marc Denis without a rebound.
11:25 of 1st period - Henrik Sedin wins face-off versus Frans Nielsen in Coyotes zone.
11:54 of 1st period - Icing by Tim Connolly.
11:55 of 1st period - John Tavares wins face-off versus Tyler Ennis in Coyotes zone.
12:10 of 1st period - Snap shot by John Tavares.
12:10 of 1st period - Shot Misses the Net.
12:39 of 1st period - Icing by Frans Nielsen.
12:40 of 1st period - Éric Belanger wins face-off versus Saku Koivu in Coyotes zone.
13:16 of 1st period - Icing by Shane Doan.
13:17 of 1st period - Frans Nielsen wins face-off versus Henrik Sedin in Stars zone.
13:18 of 1st period - Backhand shot by Drew Miller.
13:18 of 1st period - Shot Misses the Net.
13:40 of 1st period - Slapshot by Shane Doan.
13:40 of 1st period - Shot Misses the Net.
14:03 of 1st period - Double Minor Penalty to Denis Grebeshkov for High sticking.
14:04 of 1st period - John Tavares wins face-off versus Drew Miller in Coyotes zone.
14:10 of 1st period - Wrist shot by Alexei Morozov.
14:10 of 1st period - Shot Blocked by Adrian Aucoin.
14:12 of 1st period - Snap shot by Alexei Morozov.
14:12 of 1st period - Stopped by Marc Denis without a rebound.
14:13 of 1st period - John Tavares wins face-off versus Drew Miller in Coyotes zone.
14:22 of 1st period - Wrist shot by John Tavares.
14:22 of 1st period - Goal by John Tavares - Coyotes : 2 - Stars : 3.
14:23 of 1st period - Henrik Sedin wins face-off versus Drew Miller in neutral zone.
16:22 of 1st period - Penalty to Denis Grebeshkov is over, Denis Grebeshkov is back on ice.
16:41 of 1st period - Sergei Gonchar is hit by Mark Streit and loses puck.
16:51 of 1st period - Backhand shot by Denis Grebeshkov.
16:51 of 1st period - Deflect By Tim Connolly.
16:51 of 1st period - Stopped by Patrick Lalime with a rebound.
18:07 of 1st period - Snap shot by Chad Larose.
18:07 of 1st period - Stopped by Patrick Lalime with a rebound.
18:15 of 1st period - Minor Penalty to Erik Cole for Holding.
18:16 of 1st period - Drew Miller wins face-off versus Henrik Sedin in Coyotes zone.
18:27 of 1st period - Snap shot by Mark Streit.
18:27 of 1st period - Stopped by Marc Denis with a rebound.
18:29 of 1st period - Wrist shot by Daniel Sedin.
18:29 of 1st period - Stopped by Marc Denis without a rebound.
18:30 of 1st period - John Tavares wins face-off versus Drew Miller in Coyotes zone.
18:40 of 1st period - Slapshot by Mark Streit.
18:40 of 1st period - Stopped by Marc Denis with a rebound.
18:42 of 1st period - Snap shot by John Tavares.
18:42 of 1st period - Shot Misses the Net.
19:04 of 1st period - Icing by Matthew Spiller.
19:05 of 1st period - Henrik Sedin wins face-off versus Frans Nielsen in Stars zone.
19:57 of 1st period - Chad Larose is hit by Daniel Sedin and loses puck.
Goals for this period are 2 for Coyotes vs 3 for Stars.
Shots for this period are 9 for Coyotes vs 13 for Stars.
2nd period
0:01 of 2nd period - Drew Miller wins face-off versus John Tavares in neutral zone.
0:15 of 2nd period - Penalty to Erik Cole is over, Erik Cole is back on ice.
0:30 of 2nd period - Slapshot by Henrik Sedin.
0:30 of 2nd period - Deflect By Daniel Sedin.
0:30 of 2nd period - Shot Blocked by Anton Stralman.
0:30 of 2nd period - Puck is out of play.
0:31 of 2nd period - Tyler Ennis wins face-off versus Shane Doan in Coyotes zone.
1:22 of 2nd period - Backhand shot by Henrik Sedin.
1:22 of 2nd period - Shot Misses the Net.
1:24 of 2nd period - Wrist shot by Shane Doan.
1:24 of 2nd period - Goal by Shane Doan - Coyotes : 2 - Stars : 4.
1:24 of 2nd period - Ryan Miller enters game.
1:25 of 2nd period - Frans Nielsen wins face-off versus John Tavares in neutral zone.
1:27 of 2nd period - Minor Penalty to Chris Stewart for Holding.
1:28 of 2nd period - Drew Miller wins face-off versus Henrik Sedin in Coyotes zone.
2:16 of 2nd period - Slapshot by Denis Grebeshkov.
2:16 of 2nd period - Stopped by Patrick Lalime with a rebound.
2:25 of 2nd period - Off-side.
2:26 of 2nd period - Alexei Morozov wins face-off versus Frans Nielsen in neutral zone.
2:29 of 2nd period - Slapshot by Alexei Morozov.
2:29 of 2nd period - Shot Misses the Net.
2:31 of 2nd period - Snap shot by Patrick Sharp.
2:31 of 2nd period - Stopped by Ryan Miller with a rebound.
2:33 of 2nd period - Snap shot by Alexei Morozov.
2:33 of 2nd period - Stopped by Ryan Miller with a rebound.
2:35 of 2nd period - Wrist shot by Patrick Sharp.
2:35 of 2nd period - Shot Blocked by Denis Grebeshkov.
2:37 of 2nd period - Slapshot by Patrick Sharp.
2:37 of 2nd period - Shot Misses the Net.
2:39 of 2nd period - Slapshot by Alexei Morozov.
2:39 of 2nd period - Stopped by Ryan Miller with a rebound.
3:27 of 2nd period - Penalty to Chris Stewart is over, Chris Stewart is back on ice.
3:31 of 2nd period - Snap shot by Drew Miller.
3:31 of 2nd period - Deflect By Chad Larose.
3:31 of 2nd period - Shot Misses the Net.
3:31 of 2nd period - Puck is out of play.
3:32 of 2nd period - Éric Belanger wins face-off versus Marian Gaborik in Stars zone.
3:39 of 2nd period - Slapshot by Tim Connolly.
3:39 of 2nd period - Deflect By Éric Belanger.
3:39 of 2nd period - Stopped by Patrick Lalime with a rebound.
3:59 of 2nd period - Sami Kapanen is hit by Bryan Berard and loses puck.
5:08 of 2nd period - Slapshot by Denis Grebeshkov.
5:08 of 2nd period - Deflect By Erik Christensen.
5:08 of 2nd period - Shot Misses the Net.
5:08 of 2nd period - Puck is out of play.
5:09 of 2nd period - Éric Belanger wins face-off versus Erik Christensen in Stars zone.
5:16 of 2nd period - Anton Stralman is hit by Éric Belanger and loses puck.
6:53 of 2nd period - Erik Christensen is hit by Henrik Sedin and loses puck.
8:50 of 2nd period - Minor Penalty to Andy Sutton for High sticking.
8:51 of 2nd period - Patrick Sharp wins face-off versus Drew Miller in Coyotes zone.
9:57 of 2nd period - Alexei Morozov is hit by Sergei Gonchar and loses puck.
10:50 of 2nd period - Penalty to Andy Sutton is over, Andy Sutton is back on ice.
10:52 of 2nd period - Wrist shot by Erik Christensen.
10:52 of 2nd period - Stopped by Patrick Lalime with a rebound.
11:25 of 2nd period - Tomas Kloucek is hit by Jan Hlavac and loses puck.
11:59 of 2nd period - Icing by Chad Larose.
12:00 of 2nd period - Marty Reasoner wins face-off versus Tim Connolly in Coyotes zone.
12:05 of 2nd period - Wrist shot by Evgeny Artyukhin.
12:05 of 2nd period - Shot Misses the Net.
13:26 of 2nd period - Slapshot by Daniel Sedin.
13:26 of 2nd period - Shot Misses the Net.
13:48 of 2nd period - Wrist shot by Jan Hlavac.
13:48 of 2nd period - Shot Blocked by Sami Kapanen.
13:50 of 2nd period - Snap shot by Evgeny Artyukhin.
13:50 of 2nd period - Shot Misses the Net.
13:56 of 2nd period - Minor Penalty to Erik Christensen for Holding.
13:57 of 2nd period - Frans Nielsen wins face-off versus Henrik Sedin in Coyotes zone.
14:31 of 2nd period - Adrian Aucoin is hit by Alexei Morozov and loses puck.
15:23 of 2nd period - Slapshot by Pavel Kubina.
15:23 of 2nd period - Shot Misses the Net.
15:25 of 2nd period - Snap shot by Patrick Sharp.
15:25 of 2nd period - Deflect By Erik Cole.
15:25 of 2nd period - Stopped by Ryan Miller without a rebound.
15:26 of 2nd period - Frans Nielsen wins face-off versus John Tavares in Coyotes zone.
15:56 of 2nd period - Penalty to Erik Christensen is over, Erik Christensen is back on ice.
17:20 of 2nd period - Slapshot by Bryan Berard.
17:20 of 2nd period - Shot Blocked by Erik Cole.
17:22 of 2nd period - Snap shot by Daniel Cleary.
17:22 of 2nd period - Goal by Daniel Cleary - Coyotes : 2 - Stars : 5.
17:23 of 2nd period - Saku Koivu wins face-off versus Henrik Sedin in neutral zone.
17:26 of 2nd period - Daniel Sedin is hit by Chad Larose and loses puck.
17:49 of 2nd period - Frans Nielsen is hit by Patrick Sharp and loses puck.
18:08 of 2nd period - Slapshot by Anton Stralman.
18:08 of 2nd period - Shot Misses the Net.
18:10 of 2nd period - Slapshot by Marian Gaborik.
18:10 of 2nd period - Shot Blocked by Brendan Bell.
18:18 of 2nd period - Wrist shot by Marian Gaborik.
18:18 of 2nd period - Shot Blocked by Daniel Cleary.
18:26 of 2nd period - Minor Penalty to Brendan Bell for Hooking.
18:27 of 2nd period - Marty Reasoner wins face-off versus Tim Connolly in Stars zone.
18:38 of 2nd period - Marty Reasoner is hit by Denis Grebeshkov and loses puck.
18:57 of 2nd period - Jan Hlavac is hit by Frans Nielsen and loses puck.
19:12 of 2nd period - Matthew Spiller is hit by Tim Connolly and loses puck.
19:56 of 2nd period - Wrist shot by Daniel Sedin.
19:56 of 2nd period - Shot Misses the Net.
19:59 of 2nd period - Icing by Tim Connolly.
Goals for this period are 0 for Coyotes vs 2 for Stars.
Shots for this period are 3 for Coyotes vs 6 for Stars.
3rd period
0:01 of 3rd period - Tim Connolly wins face-off versus Marty Reasoner in neutral zone.
0:04 of 3rd period - Snap shot by Tyler Ennis.
0:04 of 3rd period - Stopped by Patrick Lalime with a rebound.
0:06 of 3rd period - Wrist shot by Tyler Ennis.
0:06 of 3rd period - Shot Misses the Net.
0:08 of 3rd period - Slapshot by Sergei Gonchar.
0:08 of 3rd period - Stopped by Patrick Lalime with a rebound.
0:10 of 3rd period - Slapshot by Sergei Gonchar.
0:10 of 3rd period - Shot Misses the Net.
0:12 of 3rd period - Snap shot by Tim Connolly.
0:12 of 3rd period - Shot Misses the Net.
0:26 of 3rd period - Penalty to Brendan Bell is over, Brendan Bell is back on ice.
0:41 of 3rd period - Wrist shot by Jan Hlavac.
0:41 of 3rd period - Shot Misses the Net.
1:04 of 3rd period - Snap shot by Brendan Bell.
1:04 of 3rd period - Deflect By Jan Hlavac.
1:04 of 3rd period - Shot Blocked by Denis Grebeshkov.
1:04 of 3rd period - Puck is out of play.
1:05 of 3rd period - Saku Koivu wins face-off versus Henrik Sedin in Coyotes zone.
1:10 of 3rd period - Slapshot by Tomas Kloucek.
1:10 of 3rd period - Stopped by Patrick Lalime with a rebound.
1:16 of 3rd period - Saku Koivu is hit by Daniel Sedin and loses puck.
1:33 of 3rd period - Alexei Morozov is hit by Frans Nielsen and loses puck.
1:40 of 3rd period - Wrist shot by Drew Miller.
1:40 of 3rd period - Shot Misses the Net.
1:42 of 3rd period - Snap shot by Chris Stewart.
1:42 of 3rd period - Shot Misses the Net.
1:54 of 3rd period - Slapshot by Pavel Kubina.
1:54 of 3rd period - Deflect By Tyler Ennis.
1:54 of 3rd period - Stopped by Ryan Miller with a rebound.
3:28 of 3rd period - Snap shot by Daniel Sedin.
3:28 of 3rd period - Shot Misses the Net.
3:30 of 3rd period - Minor Penalty to Marian Gaborik for Slashing.
3:31 of 3rd period - Drew Miller wins face-off versus John Tavares in Coyotes zone.
5:30 of 3rd period - Penalty to Marian Gaborik is over, Marian Gaborik is back on ice.
6:15 of 3rd period - Brendan Bell is hit by Frans Nielsen and loses puck.
6:27 of 3rd period - Off-side.
6:28 of 3rd period - Saku Koivu wins face-off versus Éric Belanger in neutral zone.
6:31 of 3rd period - Wrist shot by Chad Larose.
6:31 of 3rd period - Shot Misses the Net.
6:33 of 3rd period - Slapshot by Andy Sutton.
6:33 of 3rd period - Shot Blocked by Daniel Cleary.
6:35 of 3rd period - Snap shot by Andy Sutton.
6:35 of 3rd period - Shot Misses the Net.
6:52 of 3rd period - Daniel Sedin is hit by Marian Gaborik and loses puck.
6:57 of 3rd period - Wrist shot by Marian Gaborik.
6:57 of 3rd period - Stopped by Patrick Lalime without a rebound.
6:58 of 3rd period - Frans Nielsen wins face-off versus Henrik Sedin in Stars zone.
7:56 of 3rd period - Wrist shot by John Tavares.
7:56 of 3rd period - Stopped by Ryan Miller without a rebound.
7:57 of 3rd period - Henrik Sedin wins face-off versus Drew Miller in Coyotes zone.
8:02 of 3rd period - Wrist shot by Daniel Sedin.
8:02 of 3rd period - Shot Misses the Net.
8:04 of 3rd period - Wrist shot by Daniel Sedin.
8:04 of 3rd period - Stopped by Ryan Miller with a rebound.
8:12 of 3rd period - Wrist shot by Henrik Sedin.
8:12 of 3rd period - Stopped by Ryan Miller with a rebound.
8:18 of 3rd period - Minor Penalty to Sergei Gonchar for Holding.
8:19 of 3rd period - Henrik Sedin wins face-off versus Drew Miller in Coyotes zone.
8:46 of 3rd period - Slapshot by Alexei Morozov.
8:46 of 3rd period - Stopped by Ryan Miller with a rebound.
10:18 of 3rd period - Penalty to Sergei Gonchar is over, Sergei Gonchar is back on ice.
10:25 of 3rd period - Alexei Morozov is hit by Tim Connolly and loses puck.
10:44 of 3rd period - Snap shot by Sami Kapanen.
10:44 of 3rd period - Goal by Sami Kapanen - Coyotes : 3 - Stars : 5.
10:45 of 3rd period - Henrik Sedin wins face-off versus Saku Koivu in neutral zone.
10:52 of 3rd period - Backhand shot by Shane Doan.
10:52 of 3rd period - Shot Misses the Net.
10:58 of 3rd period - Slapshot by Adrian Aucoin.
10:58 of 3rd period - Stopped by Patrick Lalime with a rebound.
11:12 of 3rd period - Icing by Éric Belanger.
11:13 of 3rd period - Éric Belanger wins face-off versus Frans Nielsen in Stars zone.
11:20 of 3rd period - Slapshot by Pavel Kubina.
11:20 of 3rd period - Shot Misses the Net.
11:22 of 3rd period - Slapshot by Pavel Kubina.
11:22 of 3rd period - Stopped by Ryan Miller with a rebound.
11:24 of 3rd period - Wrist shot by Ryan Malone.
11:24 of 3rd period - Shot Misses the Net.
11:26 of 3rd period - Slapshot by Matthew Spiller.
11:26 of 3rd period - Stopped by Ryan Miller with a rebound.
11:52 of 3rd period - Matthew Spiller is hit by Frans Nielsen and loses puck.
11:57 of 3rd period - Wrist shot by Frans Nielsen.
11:57 of 3rd period - Shot Misses the Net.
12:13 of 3rd period - Wrist shot by Drew Miller.
12:13 of 3rd period - Deflect By Chris Stewart.
12:13 of 3rd period - Stopped by Patrick Lalime without a rebound.
12:14 of 3rd period - Saku Koivu wins face-off versus Henrik Sedin in Stars zone.
12:48 of 3rd period - Snap shot by Marian Gaborik.
12:48 of 3rd period - Goal by Marian Gaborik - Coyotes : 4 - Stars : 5.
12:49 of 3rd period - Saku Koivu wins face-off versus Henrik Sedin in neutral zone.
13:27 of 3rd period - Wrist shot by John Tavares.
13:27 of 3rd period - Goal by John Tavares - Coyotes : 4 - Stars : 6.
13:28 of 3rd period - Henrik Sedin wins face-off versus Tim Connolly in neutral zone.
13:42 of 3rd period - Icing by Henrik Sedin.
13:43 of 3rd period - Saku Koivu wins face-off versus Henrik Sedin in Stars zone.
13:49 of 3rd period - Off-side.
13:50 of 3rd period - Saku Koivu wins face-off versus John Tavares in neutral zone.
13:53 of 3rd period - Pavel Kubina is hit by Erik Cole and loses puck.
14:07 of 3rd period - Icing by Alexei Morozov.
14:08 of 3rd period - John Tavares wins face-off versus Tyler Ennis in Stars zone.
14:21 of 3rd period - Backhand shot by Andy Sutton.
14:21 of 3rd period - Stopped by Patrick Lalime with a rebound.
14:23 of 3rd period - Snap shot by Tim Connolly.
14:23 of 3rd period - Stopped by Patrick Lalime with a rebound.
14:25 of 3rd period - Snap shot by Tim Connolly.
14:25 of 3rd period - Stopped by Patrick Lalime without a rebound.
14:26 of 3rd period - Henrik Sedin wins face-off versus Saku Koivu in Stars zone.
14:31 of 3rd period - Snap shot by Saku Koivu.
14:31 of 3rd period - Stopped by Patrick Lalime without a rebound.
14:32 of 3rd period - Henrik Sedin wins face-off versus Saku Koivu in Stars zone.
14:37 of 3rd period - Slapshot by Mark Streit.
14:37 of 3rd period - Stopped by Ryan Miller without a rebound.
14:38 of 3rd period - Henrik Sedin wins face-off versus Tim Connolly in Coyotes zone.
14:51 of 3rd period - Slapshot by Henrik Sedin.
14:51 of 3rd period - Stopped by Ryan Miller with a rebound.
15:32 of 3rd period - Bryan Berard is hit by Sami Kapanen and loses puck.
15:41 of 3rd period - Minor Penalty to Bryan Berard for Interference.
15:42 of 3rd period - Marty Reasoner wins face-off versus Tim Connolly in Stars zone.
16:01 of 3rd period - Brendan Bell is hit by Tyler Ennis and loses puck.
16:42 of 3rd period - Minor Penalty to Éric Belanger for Hooking.
16:43 of 3rd period - Tim Connolly wins face-off versus Marty Reasoner in Stars zone.
16:48 of 3rd period - Snap shot by Tim Connolly.
16:48 of 3rd period - Stopped by Patrick Lalime with a rebound.
17:12 of 3rd period - Matthew Spiller is hit by Denis Grebeshkov and loses puck.
17:41 of 3rd period - Penalty to Bryan Berard is over, Bryan Berard is back on ice.
18:42 of 3rd period - Penalty to Éric Belanger is over, Éric Belanger is back on ice.
18:48 of 3rd period - Wrist shot by Adrian Aucoin.
18:48 of 3rd period - Deflect By Drew Miller.
18:48 of 3rd period - Stopped by Patrick Lalime with a rebound.
19:12 of 3rd period - Snap shot by Alexei Morozov.
19:12 of 3rd period - Shot Misses the Net.
19:20 of 3rd period - Wrist shot by Alexei Morozov.
19:20 of 3rd period - Shot Misses the Net.
Goals for this period are 2 for Coyotes vs 1 for Stars.
Shots for this period are 14 for Coyotes vs 10 for Stars.
Output by the SimonT Hockey Simulator (STHS) for François Prévost -- Original Page W3C XHTML 1.0 Valid